 Dungeon Crawl Stone Soup version 0.15.0-12-gccce430 (webtiles) character file.

277 MDvedh the Ruffian (level 6, -6/55 HPs)
             Began as a Troll Death Knight on Sept 2, 2014.
             Was a Follower of Yredelemnul.
             Mangled by a centaur (8 damage)
             ... on Level 3 of the Dungeon.
             The game lasted 00:04:01 (1518 turns).

MDvedh the Ruffian (Troll Death Knight)             Turns: 1518, Time: 00:04:02

HP  -6/55        AC  6     Str 22      XL: 6   Next:  4%
MP   5/5         EV  9     Int  7      God: Yredelemnul [*.....]
Gold 66          SH  0     Dex 11      Spells:  0 memorised,  5 levels left

rFire  . . .     SeeInvis .       - Unarmed
rCold  . . .     Clarity  .     b - +0 robe
rNeg   . . .     rCorr    .     (shield restricted)
rPois  .         rRot     .     (helmet restricted)
rElec  .         Spirit   .     n - +0 cloak
SustAb .         Warding  .     (gloves unavailable)
rMut   +         Stasis   .     (boots unavailable)
Gourm  +                        o - amulet of resist mutation
MR     .....                    (no ring)
                                f - ring of invisibility

@: flying, not resistant to hostile enchantments, very unstealthy
A: unfitting armour, claws 3, fast metabolism 3, gourmand, regeneration 2,
saprovore 2, shaggy fur 1, tough skin 2
a: Animate Remains, Renounce Religion, Evoke Invisibility


You were on level 3 of the Dungeon.
You worshipped Yredelemnul.
Yredelemnul was aware of your devotion.
You were full.

You visited 1 branch of the dungeon, and saw 3 of its levels.

You collected 66 gold pieces.

Inventory:

Armour
 b - a +0 robe (worn)
 n - a +0 cloak (worn)
Comestibles
 a - 2 meat rations
 g - 3 beef jerkies
 j - 3 fruits
 k - a bread ration
Scrolls
 c - 2 scrolls of teleportation {unknown}
 d - a scroll of fear {unknown}
 e - 2 scrolls of immolation {unknown}
 h - 2 scrolls of identify {unknown}
 s - a scroll of remove curse {unknown}
Jewellery
 f - a ring of invisibility (left claw)
 o - an amulet of resist mutation (around neck)
 t - a cursed -3 ring of slaying {unknown}
Potions
 i - 2 potions of agility
 r - a potion of restore abilities {unknown}
Books
 m - a book of the Earth

   Spells                             Type                      Level
   Leda's Liquefaction                Hexes/Earth                  4
   Bolt of Magma                      Conjuration/Fire/Earth       5
   Statue Form                        Transmutation/Earth          6
   Iron Shot                          Conjuration/Earth            6
   Shatter                            Earth                        9
 p - a book of Beasts

   Spells                             Type                      Level
   Summon Butterflies                 Summoning                    1
   Call Canine Familiar               Summoning                    3
   Summon Ice Beast                   Ice/Summoning                4
   Summon Mana Viper                  Hexes/Summoning              5
   Monstrous Menagerie                Summoning                    6
   Summon Hydra                       Summoning                    7


   Skills:
 - Level 1.5 Fighting
 - Level 1.2 Dodging
 + Level 6.4 Unarmed Combat
 - Level 2.4 Invocations


You had 5 spell levels left.
You didn't know any spells.

Dungeon Overview and Level Annotations

Branches:
Dungeon (3/15)

Altars:


Innate Abilities, Weirdness & Mutations

You are too large for most types of armour.
You have claws for hands.
Your metabolism is lightning-fast.
You like to eat raw meat.
You heal very quickly.
You can eat rotten meat.
You are covered in fur (AC +1).
You have very tough skin (AC +2).


Message History

Unknown command.
Drink which item? (? for menu, Esc to quit)
You feel better.
It was a potion of curing.
The centaur hits you.
* * * LOW HITPOINT WARNING * * *
Unknown command.
You claw the centaur!
The centaur begins to bleed from its wounds!
The centaur is severely wounded.
The centaur hits you!
* * * LOW HITPOINT WARNING * * *
The centaur barely misses you.
You closely miss the centaur.
The centaur is severely wounded.
The centaur completely misses you.
Unknown command.
You claw the centaur!
The centaur is almost dead.
The centaur hits you!
You die...
Your body rises from the dead as a mindless zombie.

............
.............
#........%..
#.......)... ####
#........... ..#
#........### #)#
#####.####
#..######.#### #.#
#.....@(....## #)#
#..).c..###..###.######
#.....$.# ##...........
#.......########[######
#................#
#.......##########
.......# ......# ####


You could see a centaur (bleeding).

Vanquished Creatures
  The ghost of blami the Digger, an average TrEE (D:3)
  Crazy Yiuf (D:2)
  2 adders (D:2)
  A gnoll (D:1)
  A giant mite (D:2)
  4 worms
  6 bats
  4 giant cockroaches
  6 goblins
  5 hobgoblins
  3 jackals (D:1)
  5 giant newts
  4 kobolds
  8 rats
51 creatures vanquished.

Notes
Turn   | Place    | Note
--------------------------------------------------------------
     0 | D:1      | MDvedh, the Troll Death Knight, began the quest for the Orb.
     0 | D:1      | Reached XP level 1. HP: 19/19 MP: 1/1
    84 | D:1      | Reached skill level 3 in Unarmed Combat
    84 | D:1      | Reached XP level 2. HP: 12/27 MP: 1/1
   407 | D:1      | Reached XP level 3. HP: 33/33 MP: 3/3
   730 | D:2      | Reached skill level 4 in Unarmed Combat
   749 | D:2      | Acquired Yredelemnul's second power
   768 | D:2      | Reached XP level 4. HP: 22/41 MP: 3/3
  1195 | D:2      | Noticed Crazy Yiuf
  1198 | D:2      | Killed Crazy Yiuf
  1198 | D:2      | Reached skill level 5 in Unarmed Combat
  1246 | D:3      | Noticed blami's ghost (average TrEE)
  1254 | D:3      | Killed blami's ghost
  1254 | D:3      | Reached skill level 6 in Unarmed Combat
  1254 | D:3      | Reached XP level 5. HP: 19/48 MP: 3/3
  1254 | D:3      | Reached XP level 6. HP: 21/55 MP: 5/5
  1505 | D:3      | Noticed a centaur
  1516 | D:3      | HP: 1/55 [centaur (9)]
  1518 | D:3      | Mangled by a centaur

Action                   |  1- 3 |  4- 6 || total
-------------------------+-------+-------++-------
Melee: Unarmed           |   103 |    53 ||   156
Invok: Injury Mirror     |       |     2 ||     2
  Use: Potion            |       |     2 ||     2
 Stab: Sleeping          |       |     1 ||     1
  Eat: Chunk             |     8 |     9 ||    17
